 Dungeon Crawl Stone Soup version 0.23-a0-183-gf37f6fb (webtiles) character file.

60153 nubinia the Thaumaturge (level 14, -8/108 HPs)
             Began as a Gnoll Earth Elementalist on Sept 19, 2018.
             Was an Elder of Sif Muna.
             Mangled by a mana viper (14 damage)
             ... on level 4 of the Lair of Beasts on Sept 22, 2018.
             The game lasted 02:43:45 (28243 turns).

nubinia the Thaumaturge (Gnoll Earth Elementalist) Turns: 28243, Time: 02:43:46

Health: -8/108     AC: 14    Str: 22    XL:     14   Next: 98%
Magic:  8/37       EV: 19    Int: 24    God:    Sif Muna [****..]
Gold:   562        SH: 14    Dex: 18    Spells: 6/34 levels left

rFire    + . .     SeeInvis .   g - +2 spear (venom)
rCold    + . .     Gourm    .   n - +2 shield of Resistance {rF+ rC+ MR+}
rNeg     + . .     Faith    .   u - +4 robe of Augmentation {Str+4 Int+4 Dex+4}
rPois    +         Spirit   .   K - +2 hat
rElec    .         Reflect  .   V - scarf {repulsion}
rCorr    .         Harm     .   (no gloves)
MR       +++..                  x - +0 pair of boots
Stlth    ++++++....             L - amulet of the acrobat
HPRegen  0.28/turn              t - ring of Savou {rPois rN+ Str+5 Dex-2 Stlth+}
MPRegen  0.25/turn              M - ring of magical power

@: lethally poisoned (-8 -> -8), marked, divine energy, repel missiles
A: distributed training, fangs 1, slimy green scales 1, thin metallic scales 1,
magic resistance 1, poison resistance, strong nose
a: Stop Divine Energy, Channel Magic, Forget Spell, Renounce Religion


You were on level 4 of the Lair of Beasts.
You worshipped Sif Muna.
Sif Muna was greatly pleased with you.
You were near starving.

You visited 4 branches of the dungeon, and saw 19 of its levels.

You collected 2341 gold pieces.
You spent 1779 gold pieces at shops.

Inventory:

Hand Weapons
 a - a +3 dagger of venom
 f - the +7 hunting sling "Ogreslayer" {velocity, Str+4 Dex-2 Stlth+, unknown}
   (You found it on level 10 of the Dungeon)

   Any stone fired from it inflicts extra damage.
   It affects your strength (+4).
   It affects your dexterity (-2).
   It makes you more stealthy.
 g - a +2 spear of venom (weapon)
Missiles
 b - 359 stones (quivered)
 P - 322 arrows
Armour
 n - the +2 shield of Resistance (worn) {rF+ rC+ MR+}
   (You bought it in a shop on level 2 of the Orcish Mines)

   It protects you from fire.
   It protects you from cold.
   It affects your resistance to hostile enchantments.
 u - the +4 robe of Augmentation (worn) {Str+4 Int+4 Dex+4}
   (You found it on level 4 of the Dungeon)

   It affects your strength (+4).
   It affects your intelligence (+4).
   It affects your dexterity (+4).
 v - a scarf of cloud immunity
 x - a +0 pair of boots (worn)
 K - a +2 hat (worn)
 V - a scarf of repulsion (worn)
Magical Staves
 J - an uncursed staff of cold
 X - an uncursed staff of energy {unknown}
Jewellery
 t - the ring of Savou (left hand) {rPois rN+ Str+5 Dex-2 Stlth+}
   (You bought it in a shop on level 2 of the Orcish Mines)

   [ring of stealth]

   It affects your strength (+5).
   It affects your dexterity (-2).
   It protects you from poison.
   It protects you from negative energy.
   It makes you more stealthy.
 E - an uncursed ring of poison resistance
 L - an amulet of the acrobat (around neck)
 M - a ring of magical power (right hand)
 Q - a +3 ring of intelligence
 S - an uncursed ring of ice
Wands
 q - a wand of iceblast (4)
 D - a wand of flame (24)
 G - a wand of enslavement (23)
 O - a wand of paralysis (26)
 U - a wand of disintegration (30)
Scrolls
 e - 4 scrolls of immolation
 i - 4 scrolls of amnesia
 j - 2 scrolls of blinking
 k - a scroll of fear
 l - a scroll of enchant armour
 m - 8 scrolls of teleportation
 y - 4 scrolls of remove curse
 A - 4 scrolls of enchant weapon
 H - a scroll of magic mapping
 Y - a scroll of fog
Potions
 h - 4 potions of haste
 p - 9 potions of curing
 r - 5 potions of agility
 s - a potion of berserk rage
 w - 2 potions of heal wounds
 z - 2 potions of resistance
 B - 4 potions of flight
 C - 2 potions of cancellation
 F - a potion of might
 N - 3 potions of brilliance
Miscellaneous
 c - a phial of floods (inert)
 o - a lamp of fire (inert)
Comestibles
 d - 36 rations


   Skills:
 + Level 9.5 Fighting
 + Level 9.5 Short Blades
 + Level 9.5 Long Blades
 + Level 9.5 Axes
 + Level 9.5 Maces & Flails
 + Level 9.5 Polearms
 + Level 9.5 Staves
 + Level 9.5 Slings
 + Level 9.5 Bows
 + Level 9.5 Crossbows
 + Level 9.5 Throwing
 + Level 9.5 Armour
 + Level 10.5 Dodging
 + Level 10.3 Stealth
 + Level 9.5 Shields
 + Level 9.5 Unarmed Combat
 + Level 10.7 Spellcasting
 + Level 7.9 Conjurations
 + Level 7.9 Hexes
 + Level 7.9 Charms
 + Level 7.9 Summonings
 + Level 7.9 Necromancy
 + Level 7.9 Translocations
 + Level 8.3 Transmutations
 + Level 7.9 Fire Magic
 + Level 7.9 Ice Magic
 + Level 7.9 Air Magic
 + Level 9.7 Earth Magic
 + Level 7.9 Poison Magic
 + Level 10.3 Invocations
 + Level 9.5 Evocations


You had 6 spell levels left.
You knew the following spells:

 Your Spells              Type           Power        Failure   Level  Hunger
a - Sandblast             Erth           ######       1%          1    None
b - Stone Arrow           Conj/Erth      ######       1%          3    None
c - Sticks to Snakes      Tmut           ######..     1%          2    None
d - Beastly Appendage     Tmut           ######       1%          1    None
g - Shroud of Golubria    Chrm/Tloc      ######....   1%          2    None
i - Iskenderun's Battles  Conj/Chrm      ######..     11%         5    ####...
l - Lee's Rapid Deconstr  Erth           ######....   4%          5    ####...
p - Passwall              Tmut/Erth      ######..     1%          2    None
r - Regeneration          Chrm/Necr      ######....   1%          3    None
P - Petrify               Tmut/Erth      ######..     2%          4    None

Your spell library contained the following spells:

 Spells                   Type           Power        Failure   Level  Hunger
 Infusion                 Chrm           ####         1%          1    None
 Summon Butterflies       Summ           ######..     1%          1    None
 Song of Slaying          Chrm           ######..     1%          2    None
 Recall                   Summ/Tloc      N/A          1%          3    None
 Spectral Weapon          Hex/Chrm       ######..     1%          3    None
 Spider Form              Tmut/Pois      ######....   1%          3    None
 Ice Form                 Ice/Tmut       ######..     3%          4    None
 Blade Hands              Tmut           ######....   9%          5    ####...
 Bolt of Magma            Conj/Fire/Erth ######....   9%          5    ####...
 Aura of Abjuration       Summ           ######....   11%         5    ####...
 Summon Demon             Summ           ######....   11%         5    ####...
 Summon Forest            Summ/Tloc      ######....   11%         5    ####...
 Summon Mana Viper        Hex/Summ       ######..     11%         5    ####...
 Venom Bolt               Conj/Pois      ######....   11%         5    ####...
 Iron Shot                Conj/Erth      ######....   36%         6    #####..
 Shadow Creatures         Summ           N/A          50%         6    #####..
 Orb of Destruction       Conj           ######....   97%         7    #######
 Spellforged Servitor     Conj/Summ      ######....   97%         7    #######
 Lehudib's Crystal Spear  Conj/Erth      ######....   100%        8    #######
 Dragon's Call            Summ           ######....   100%        9    #######


Dungeon Overview and Level Annotations

Branches:
Dungeon (10/15)            Temple (0/1) D:4            Lair (6/6) D:9
 Shoals (0/4) Lair:2        Snake (1/4) Lair:4        Slime (0/5) Lair:5
    Orc (2/2) D:10            Elf (0/3) Orc:2

Altars:
Cheibriados
Elyvilon
Nemelex Xobeh
Qazlal
Sif Muna
Trog
Uskayaw
Vehumet
Xom
Beogh
Jiyva

Shops:
D:10 (   Orc:2 }[*=

Annotations:
D:4 2 runed doors, TheNamelessOne's ghost, novice FoFi
D:9 3 runed doors, grindst0ne's ghost, novice OpFi
Lair:3 exclusions: hydra and 2 oklob plants


Innate Abilities, Weirdness & Mutations

Your experience applies equally to all skills.
You have very sharp teeth.
Your uncanny sense of smell can sniff out nearby items.
You are partially covered in slimy green scales. (AC +2)
You are partially covered in thin metallic scales. (AC +2)
You are resistant to hostile enchantments. (MR+)
Your system is resistant to poisons. (rPois)


Message History

You climb upwards.
Welcome back to the Lair of Beasts!
You feel sick.
There is a staircase to the Snake Pit, spattered with blood here.
Evoke which item? (* to show all) (? for menu, Esc to quit)
Aiming: Enslavement
Press: ? - help, Shift-Dir - straight line, f - mana viper
Aim: a mana viper (chance to defeat MR: 10%)
Okay, then.
Okay, then.
Casting: Passwall (safe; 1% risk of failure)
Confirm with . or Enter, or press ? or * to list all spells.
Space distorts slightly along a thin shroud covering your body.
Your shroud bends the mana viper's attack away!
You block the mana viper's attack. The mana viper bites you!
* * * LOW HITPOINT WARNING * * *
You feel your power leaking away.
As you read the scroll of fear, it crumbles to dust.
You assume a fearsome visage.
The mana viper looks frightened!
The mana viper resists with almost no effort.
You feel sick. The mana viper bites you!
You die...

...#### ##........# ...# ###
#........# #.## ###≈####.......##
.## ###.##≈≈≈≈≈≈.....### ###
.#######..#..≈≈≈≈≈≈≈....#.#####.#
...#.......P≈≈≈...≈≈≈............
...........≈≈≈P....≈≈≈...........
...........≈≈.PS....≈≈≈..........
...........≈≈..S@†..≈≈...........
...........≈≈..≈....)≈...........
##.......#.≈≈≈≈..P≈≈≈≈...........
.###.....#..≈≈≈.≈.≈≈≈............
## ##P######P≈≈≈≈≈≈≈≈....########
.# ### ##.≈≈≈≈≈.....## .##
#...≈##.......# P.###
#######......## ....### ##......#


You could see 2 mana vipers.

Vanquished Creatures
  Saint Roka (Orc:2)
  Gastronok (Lair:2)
  Snorg (D:10)
  4 hydras
  Fannar (Lair:2)
  Harold (D:10)
  2 catoblepae
  A merfolk avatar (Lair:6)
  3 two-headed ogres
  Urug (Lair:6)
  A queen ant (Lair:2)
  The ghost of Chirez the Shield-Bearer, a novice DDNe of Wu Jian (D:7)
  3 sea snakes (Lair:6)
  An orc knight (Orc:2)
  An orc sorcerer (Orc:2)
  2 oklob plants
  5 elephants
  5 black mambas
  A molten gargoyle (Lair:3)
  3 merfolk sirens (Lair:2)
  11 spiny frogs
  A centaur skeleton (D:8)
  11 komodo dragons
  9 rime drakes
  A kobold demonologist (D:7)
  A queen bee (D:10)
  A merfolk (Lair:2)
  A wind drake (Lair:6)
  2 hornets
  5 trolls
  3 polar bears (Lair:6)
  16 blink frogs
  4 hippogriffs
  A wraith (D:10)
  Sigmund (D:6)
  7 wyverns
  17 yaks
  A basilisk (Lair:2)
  A warg (Orc:1)
  Edmund (D:6)
  9 soldier ants
  A naga (Lair:4)
  11 water moccasins
  3 porcupines
  31 orc warriors
  2 ice beasts
  A phantom (D:8)
  2 black bears
  4 sky beasts
  20 wolves
  12 centaurs
  9 ogres
  16 crocodiles
  8 big kobolds
  11 bullfrogs
  A water moccasin zombie (D:5)
  A wyvern skeleton (D:10)
  A scorpion (D:7)
  A water moccasin skeleton (D:8)
  29 killer bees (D:10)
  2 howler monkeys
  3 electric eels
  A crimson imp (D:9)
  2 jellies
  A quasit (D:8)
  13 orc priests
  4 hounds
  A gnoll shaman (Orc:2)
  3 bullfrog skeletons
  4 iguanas
  13 orc wizards
  27 worker ants
  A hound zombie (D:9)
  A worker ant zombie (D:5)
  11 adders
  12 gnolls
  2 howler monkey skeletons
  3 shadow imps
  An ooze (D:1)
  An adder zombie (D:9)
  4 adder skeletons
  6 worms (D:2)
  4 dart slugs
  6 leopard geckos
  66 orcs
  7 bats
  9 giant cockroaches
  8 goblins
  8 hobgoblins
  14 jackals
  5 quokkas
  A ball python skeleton (D:4)
  5 frilled lizards
  25 kobolds
  A quokka skeleton (D:6)
  11 rats
  A fungus (Lair:6)
  A plant (Lair:6)
595 creatures vanquished.

Vanquished Creatures (collateral kills)
  A hydra (Lair:6)
  A centaur warrior (Orc:2)
  3 orc knights (Orc:2)
  6 orc warriors (Orc:2)
  4 centaurs (Orc:2)
  6 orcs (Orc:2)
21 creatures vanquished.

Vanquished Creatures (others)
  An orc (D:10)
  25 fungi
  55 plants
81 creatures vanquished.

Grand Total: 697 creatures vanquished

Notes
Turn   | Place    | Note
-------+----------+-------------------------------------------
     0 | D:1      | nubinia the Gnoll Earth Elementalist began the quest for
                  | the Orb.
     0 | D:1      | Reached XP level 1. HP: 13/13 MP: 6/6
   308 | D:1      | Reached XP level 2. HP: 13/19 MP: 7/7
   512 | D:1      | Learned a level 2 spell: Passwall
  1075 | D:1      | Reached XP level 3. HP: 15/25 MP: 9/9
  1080 | D:1      | Learned a level 3 spell: Stone Arrow
  1230 | D:1      | Reached skill level 5 in Spellcasting
  1679 | D:2      | Reached skill level 1 in Invocations
  1807 | D:2      | Reached skill level 1 in Fighting
  1807 | D:2      | Reached skill level 1 in Short Blades
  1807 | D:2      | Reached skill level 1 in Long Blades
  1807 | D:2      | Reached skill level 1 in Axes
  1807 | D:2      | Reached skill level 1 in Maces & Flails
  1807 | D:2      | Reached skill level 1 in Polearms
  1807 | D:2      | Reached skill level 1 in Staves
  1807 | D:2      | Reached skill level 1 in Slings
  1807 | D:2      | Reached skill level 1 in Bows
  1807 | D:2      | Reached skill level 1 in Crossbows
  1807 | D:2      | Reached skill level 1 in Throwing
  1807 | D:2      | Reached skill level 1 in Armour
  1807 | D:2      | Reached skill level 1 in Shields
  1807 | D:2      | Reached skill level 1 in Unarmed Combat
  1807 | D:2      | Reached skill level 1 in Evocations
  1911 | D:2      | Reached XP level 4. HP: 16/32 MP: 11/11
  2047 | D:2      | Found a snail-covered altar of Cheibriados.
  2121 | D:2      | Reached skill level 1 in Conjurations
  2121 | D:2      | Reached skill level 1 in Hexes
  2121 | D:2      | Reached skill level 1 in Charms
  2121 | D:2      | Reached skill level 1 in Summonings
  2121 | D:2      | Reached skill level 1 in Necromancy
  2121 | D:2      | Reached skill level 1 in Translocations
  2121 | D:2      | Reached skill level 1 in Fire Magic
  2121 | D:2      | Reached skill level 1 in Ice Magic
  2121 | D:2      | Reached skill level 1 in Air Magic
  2121 | D:2      | Reached skill level 1 in Poison Magic
  2446 | D:2      | Found a deep blue altar of Sif Muna.
  2449 | D:2      | Became a worshipper of Sif Muna the Loreminder
  2669 | D:3      | Reached XP level 5. HP: 22/37 MP: 12/12
  3389 | D:3      | Found a radiant altar of Vehumet.
  3605 | D:3      | Reached XP level 6. HP: 43/44 MP: 13/13
  3789 | D:4      | Found a shimmering altar of Xom.
  3814 | D:4      | Reached skill level 5 in Dodging
  3816 | D:4      | Found the +4 robe of Augmentation {Str+4 Int+4 Dex+4}
  3965 | D:4      | Reached XP level 7. HP: 50/50 MP: 15/15
  4289 | D:4      | Found a runed door.
  4290 | D:4      | Noticed TheNamelessOne's ghost (novice FoFi)
  4458 | D:4      | Found a runed door.
  4588 | D:4      | Found a staircase to the Ecumenical Temple.
  4638 | D:5      | Entered Level 5 of the Dungeon
  4688 | D:5      | Found a white marble altar of Elyvilon.
  4729 | D:5      | Reached * piety under Sif Muna
  4734 | D:5      | Reached skill level 5 in Stealth
  4936 | D:5      | Reached XP level 8. HP: 42/57 MP: 16/16
  5338 | D:6      | Noticed an oklob plant
  5346 | D:6      | Learned a level 5 spell: Lee's Rapid Deconstruction
  5377 | D:6      | Found a stormy altar of Qazlal.
  5561 | D:6      | Noticed Sigmund
  5589 | D:6      | Killed Sigmund
  6125 | D:6      | Noticed Edmund
  6128 | D:6      | Killed Edmund
  6128 | D:6      | Reached XP level 9. HP: 65/65 MP: 18/18
  6833 | D:7      | Found a bloodstained altar of Trog.
  6882 | D:7      | Reached ** piety under Sif Muna
  7485 | D:7      | Found a sparkling altar of Nemelex Xobeh.
  7900 | D:7      | Found a runed gate.
  7903 | D:7      | Noticed a kobold demonologist
  7904 | D:7      | Found a runed gate.
  7904 | D:7      | Found a runed gate.
  7906 | D:7      | Noticed Chirez's ghost (novice DDNe)
  8454 | D:8      | Reached skill level 5 in Invocations
  8512 | D:8      | Noticed a two-headed ogre
  8549 | D:7      | Reached XP level 10. HP: 65/73 MP: 15/20
  8929 | D:8      | Killed a two-headed ogre
  8929 | D:8      | Reached skill level 5 in Fighting
  8929 | D:8      | Reached skill level 5 in Short Blades
  8929 | D:8      | Reached skill level 5 in Long Blades
  8929 | D:8      | Reached skill level 5 in Axes
  8929 | D:8      | Reached skill level 5 in Maces & Flails
  8929 | D:8      | Reached skill level 5 in Polearms
  8929 | D:8      | Reached skill level 5 in Staves
  8929 | D:8      | Reached skill level 5 in Slings
  8929 | D:8      | Reached skill level 5 in Bows
  8929 | D:8      | Reached skill level 5 in Crossbows
  8929 | D:8      | Reached skill level 5 in Throwing
  8929 | D:8      | Reached skill level 5 in Armour
  8929 | D:8      | Reached skill level 5 in Shields
  8929 | D:8      | Reached skill level 5 in Unarmed Combat
  8929 | D:8      | Reached skill level 5 in Evocations
  9073 | D:8      | Learned a level 2 spell: Shroud of Golubria
  9076 | D:8      | Learned a level 2 spell: Sticks to Snakes
  9211 | D:8      | Reached *** piety under Sif Muna
  9506 | D:6      | Killed an oklob plant
 10131 | D:9      | Reached skill level 5 in Transmutations
 10213 | D:9      | Found a runed gate.
 10213 | D:9      | Found a runed gate.
 10213 | D:9      | Found a runed gate.
 10213 | D:9      | Noticed grindst0ne's ghost (novice OpFi)
 10226 | D:9      | Paralysed by a hornet for 1 turns
 11078 | D:9      | Found a hide-covered altar of Uskayaw.
 11112 | D:9      | Reached XP level 11. HP: 81/81 MP: 22/22
 11182 | D:9      | Found a staircase to the Lair.
 11392 | D:9      | Upgraded the game from 0.23-a0-181-g24f899a to
                  | 0.23-a0-182-g58cdd98
 11417 | D:10     | Entered Level 10 of the Dungeon
 11456 | D:10     | Noticed a two-headed ogre
 12033 | D:10     | Found Atutz's Weapon Emporium.
 12033 | D:10     | Found a staircase to the Orcish Mines.
 12182 | Lair:1   | Entered Level 1 of the Lair of Beasts
 12210 | Lair:1   | Reached **** piety under Sif Muna
 12287 | Lair:1   | Reached skill level 5 in Conjurations
 12287 | Lair:1   | Reached skill level 5 in Hexes
 12287 | Lair:1   | Reached skill level 5 in Charms
 12287 | Lair:1   | Reached skill level 5 in Summonings
 12287 | Lair:1   | Reached skill level 5 in Necromancy
 12287 | Lair:1   | Reached skill level 5 in Translocations
 12287 | Lair:1   | Reached skill level 5 in Fire Magic
 12287 | Lair:1   | Reached skill level 5 in Ice Magic
 12287 | Lair:1   | Reached skill level 5 in Air Magic
 12287 | Lair:1   | Reached skill level 5 in Poison Magic
 12327 | Lair:1   | Learned a level 1 spell: Beastly Appendage
 13068 | Lair:2   | Found a staircase to the Shoals.
 13381 | Lair:2   | Noticed a queen ant
 13412 | Lair:2   | Killed a queen ant
 13673 | Lair:2   | Noticed Gastronok
 13736 | Lair:2   | Killed Gastronok
 13736 | Lair:2   | Reached XP level 12. HP: 57/89 MP: 0/24
 14049 | Lair:2   | Noticed Fannar
 14062 | Lair:2   | Killed Fannar
 14739 | Lair:3   | Learned a level 4 spell: Petrify
 14743 | Lair:3   | Learned a level 3 spell: Regeneration
 15333 | Lair:3   | Reached ***** piety under Sif Muna
 15474 | Lair:3   | Noticed a four-headed hydra
 15638 | Lair:3   | Identified Sif Muna's Collected Works on Supportive Clay
                  | (Sif Muna gifted it to you on level 3 of the Lair of
                  | Beasts)
 15638 | Lair:3   | Received a gift from Sif Muna
 15732 | Lair:3   | Noticed a four-headed hydra
 15808 | Lair:3   | Killed a four-headed hydra
 15834 | Lair:3   | Identified a scroll of acquirement
 15835 | Lair:3   | Got a pitted scale mail
 16095 | Lair:3   | Killed a four-headed hydra
 16726 | Lair:4   | Reached XP level 13. HP: 98/98 MP: 18/26
 16897 | Lair:4   | Found a staircase to the Snake Pit.
 16900 | Lair:4   | Upgraded the game from 0.23-a0-182-g58cdd98 to
                  | 0.23-a0-183-gf37f6fb
 17910 | Lair:5   | Found a viscous altar of Jiyva.
 17910 | Lair:5   | Found a staircase to the Slime Pits.
 19300 | Lair:6   | Entered Level 6 of the Lair of Beasts
 20913 | Lair:6   | Noticed Urug
 21571 | Lair:6   | Reached skill level 10 in Spellcasting
 21780 | Lair:6   | Reached XP level 14. HP: 39/106 MP: 10/28
 22583 | Lair:6   | Received a gift from Sif Muna
 22592 | Lair:6   | Learned a level 5 spell: Iskenderun's Battlesphere
 22841 | Lair:6   | Killed Urug
 22841 | Lair:6   | Reached skill level 10 in Dodging
 23368 | Lair:3   | Gained mutation: You are partially covered in thin metallic
                  | scales. (AC +2) [potion of mutation]
 23368 | Lair:3   | Gained mutation: Your system is resistant to poisons.
                  | (rPois) [potion of mutation]
 23368 | Lair:3   | Gained mutation: You are resistant to hostile enchantments.
                  | (MR+) [potion of mutation]
 23368 | Lair:3   | Gained mutation: You are partially covered in slimy green
                  | scales. (AC +2) [potion of mutation]
 23763 | D:7      | Killed Chirez's ghost
 23881 | Orc:1    | Entered Level 1 of the Orcish Mines
 23883 | Orc:1    | Noticed Harold
 24012 | D:10     | Identified the +1 scale mail "Kuveeh" {MR+} (You acquired
                  | it on level 3 of the Lair of Beasts)
 24124 | D:10     | Got a twisted hunting sling
 24355 | D:10     | Reached skill level 10 in Stealth
 24810 | D:10     | Killed Harold
 24900 | Orc:1    | Noticed Snorg
 24929 | D:10     | Killed Snorg
 24929 | D:10     | Reached skill level 10 in Invocations
 25189 | Orc:1    | Found a roughly hewn altar of Beogh.
 25256 | Orc:1    | Found a roughly hewn altar of Beogh.
 25713 | Orc:2    | Entered Level 2 of the Orcish Mines
 26217 | Orc:2    | Noticed Saint Roka
 26314 | Orc:2    | Found a staircase to the Elven Halls.
 26916 | Orc:2    | Found a roughly hewn altar of Beogh.
 27274 | Orc:2    | Killed Saint Roka
 27785 | Orc:2    | Found Buoquet's Assorted Antiques.
 27785 | Orc:2    | Found Tejilloudo's Armour Shop.
 27787 | Orc:2    | Found Zuits's Gadget Boutique.
 27789 | Orc:2    | Found Cizuadec's Jewellery Emporium.
 27793 | Orc:2    | Bought the +2 shield of Resistance {rF+ rC+ MR+} for 1191
                  | gold pieces
 27793 | Orc:2    | Found the +2 shield of Resistance {rF+ rC+ MR+}
 27813 | Orc:2    | Bought the ring of Savou {rPois rN+ Str+5 Dex-2 Stlth+} for
                  | 588 gold pieces
 28029 | Snake:1  | Entered Level 1 of the Snake Pit
 28243 | Lair:4   | Mangled by a mana viper

Vault maps used:
D:1:      onia_arrival_larder
D:2:      kennysheep_slug_shrine, lemuel_blue_sif_altar
D:3:      vehumet_crystals, first_ration
D:4:      corexii_shack_village, xom_butterflies,
          minmay_temple_entry_enclosed_plants, ebering_ghost_sewer_f
D:5:      lemuel_coloured_pillars_altar
D:6:      grunt_decor_clamped, lemuel_oklob_altar, uniq_edmund, uniq_sigmund
D:7:      overflow_temple_1_default, nemelex_xobeh_ov_fountains_minmay,
          gammafunk_ghost_nasty_kobolds, grunt_ogre_cave
D:9:      eat_drink_and_be_merry_uskayaw, grunt_lair_entry_orc_guard_hut,
          ebering_ghost_rock_garden
D:10:     orc_david_3, special_room, fountainhead
Lair:1:   beast_lair_carwin_11
Lair:2:   elwin_shoals_entry_stream, minmay_another_anthill, uniq_fannar,
          uniq_gastronok
Lair:3:   serial_bayou_shore_b, infiniplex_staircase_pool_2,
          minmay_lair_oklob_chamber
Lair:4:   guppyfry_snake_entry_island
Lair:5:   slime_altar_1, serial_forest, infiniplex_forest_join,
          infiniplex_forest_lined_1, infiniplex_forest_lined_room_2,
          infiniplex_forest_lined_3, infiniplex_forest_lined_1,
          infiniplex_forest_straight_2, infiniplex_forest_clump_double,
          st_stairs_7, columned_hall_lemuel, grunt_megastairs_4
Lair:6:   gammafunk_lair_ancient_temple, serial_bayou_lake_a, uniq_urug
Orc:1:    nicolae_orc_accident_2, mines1_david, uniq_harold, uniq_snorg
Orc:2:    st_orc_rangers, basic_altar, uniq_saint_roka

Skill      XL: |  1  2  3  4  5  6  7  8  9 10 11 12 13 14 |
---------------+-------------------------------------------+-----
Transmutations | 2 3 4 5 6 7 8 |  8.3
Spellcasting   | 5 6 7 8 9 10 | 10.7
Invocations    | 1 2 3 4 5 6 7 8 9 10 | 10.3
Fighting       | 1 2 3 4 5 6 7 8 9 |  9.5
Short Blades   | 1 2 3 4 5 6 7 8 9 |  9.5
Long Blades    | 1 2 3 4 5 6 7 8 9 |  9.5
Axes           | 1 2 3 4 5 6 7 8 9 |  9.5
Maces & Flails | 1 2 3 4 5 6 7 8 9 |  9.5
Polearms       | 1 2 3 4 5 6 7 8 9 |  9.5
Staves         | 1 2 3 4 5 6 7 8 9 |  9.5
Slings         | 1 2 3 4 5 6 7 8 9 |  9.5
Bows           | 1 2 3 4 5 6 7 8 9 |  9.5
Crossbows      | 1 2 3 4 5 6 7 8 9 |  9.5
Throwing       | 1 2 3 4 5 6 7 8 9 |  9.5
Armour         | 1 2 3 4 5 6 7 8 9 |  9.5
Shields        | 1 2 3 4 5 6 7 8 9 |  9.5
Unarmed Combat | 1 2 3 4 5 6 7 8 9 |  9.5
Evocations     | 1 2 3 4 5 6 7 8 9 |  9.5
Conjurations   | 1 2 3 4 5 6 7 |  7.9
Hexes          | 1 2 3 4 5 6 7 |  7.9
Charms         | 1 2 3 4 5 6 7 |  7.9
Summonings     | 1 2 3 4 5 6 7 |  7.9
Necromancy     | 1 2 3 4 5 6 7 |  7.9
Translocations | 1 2 3 4 5 6 7 |  7.9
Fire Magic     | 1 2 3 4 5 6 7 |  7.9
Ice Magic      | 1 2 3 4 5 6 7 |  7.9
Air Magic      | 1 2 3 4 5 6 7 |  7.9
Poison Magic   | 1 2 3 4 5 6 7 |  7.9
Dodging        | 5 6 7 8 9 10 | 10.5
Stealth        | 5 6 7 8 9 10 | 10.3
Earth Magic    | 6 7 8 9 |  9.7

Action                   |  1- 3 |  4- 6 |  7- 9 | 10-12 | 13-15 || total
-------------------------+-------+-------+-------+-------+-------++-------
Melee: Club              |    92 |       |       |       |       ||    92
       Bite              |    12 |    18 |    38 |    76 |   173 ||   317
       Dagger            |    32 |   185 |   187 |   429 |   881 ||  1714
       Mace              |       |     2 |       |       |       ||     2
       Punch             |       |     1 |     4 |     4 |       ||     9
       Dire flail        |       |       |    87 |       |       ||    87
       Spear             |       |       |       |       |   175 ||   175
 Cast: Sandblast         |     7 |    13 |    12 |    63 |    65 ||   160
       Stone Arrow       |       |     4 |    35 |   113 |   198 ||   350
       Lee's Rapid Decon |       |       |     2 |    26 |    40 ||    68
       Passwall          |       |       |       |     1 |     1 ||     2
       Petrify           |       |       |       |     1 |    18 ||    19
       Regeneration      |       |       |       |     1 |    14 ||    15
       Shroud of Golubri |       |       |       |       |    18 ||    18
       Sticks to Snakes  |       |       |       |       |    42 ||    42
       Iskenderun's Batt |       |       |       |       |     4 ||     4
Invok: Divine Energy     |       |       |     1 |       |       ||     1
       Channel Magic     |       |       |       |       |     1 ||     1
Evoke: Wand              |       |       |       |     6 |     2 ||     8
       Phial of floods   |       |       |       |     1 |     2 ||     3
       Lamp of fire      |       |       |       |       |     1 ||     1
  Use: Scroll            |       |       |     7 |    16 |     8 ||    31
       Potion            |       |       |       |     1 |     7 ||     8
 Stab: Sleeping          |     6 |    11 |    19 |    18 |     3 ||    57
       Distracted        |       |       |     1 |       |     6 ||     7
       Petrifying        |       |       |       |       |     3 ||     3
       Petrified         |       |       |       |       |    11 ||    11
  Eat: Chunk             |     3 |     7 |    16 |    24 |    35 ||    85
       Ration            |       |       |       |     2 |     2 ||     4
Armor: Robe              |    32 |    27 |    49 |    51 |   131 ||   290
Dodge: Dodged            |    95 |   131 |   214 |   287 |   775 ||  1502
       Deflected         |       |       |       |       |    23 ||    23
Block: Buckler           |       |       |       |    63 |   305 ||   368
       Shield            |       |       |       |       |    36 ||    36

Table legend:
 A = Non-vault XP
 B = Vault XP
 C = Vault XP percentage of total XP
 D = Non-vault monster count
 E = Vault monster count
 F = Vault count percentage of total count
                 A         B        C        D         E       F
            +---------+---------+-------+---------+---------+-------
      Total |   47771 |   38163 |  44.4 |     425 |     189 |  30.8
            +---------+---------+-------+---------+---------+-------
        D:1 |      36 |       8 |  18.2 |      20 |       6 |  23.1
        D:2 |     118 |       4 |   3.3 |      36 |       1 |   2.7
        D:3 |     182 |       0 |   0.0 |      26 |       0 |   0.0
        D:4 |     501 |      19 |   3.7 |      25 |       9 |  26.5
        D:5 |     439 |       0 |   0.0 |      12 |       0 |   0.0
        D:6 |     864 |     885 |  50.6 |      27 |       3 |  10.0
        D:7 |    1427 |    1820 |  56.1 |      28 |       9 |  24.3
        D:8 |    2504 |       0 |   0.0 |      29 |       0 |   0.0
        D:9 |    2279 |     496 |  17.9 |      23 |       4 |  14.8
       D:10 |    4083 |    4206 |  50.7 |      34 |      35 |  50.7
     Lair:1 |    2223 |     237 |   9.6 |       8 |       2 |  20.0
     Lair:2 |    1369 |    8313 |  85.9 |       8 |      34 |  81.0
     Lair:3 |    7183 |     595 |   7.6 |      26 |       1 |   3.7
     Lair:4 |    7575 |     318 |   4.0 |      27 |       2 |   6.9
     Lair:5 |    6597 |    1812 |  21.5 |      22 |       7 |  24.1
     Lair:6 |    5540 |   10347 |  65.1 |      21 |      25 |  54.3
      Orc:1 |    1685 |     812 |  32.5 |      24 |       8 |  25.0
      Orc:2 |    3166 |    8291 |  72.4 |      29 |      43 |  59.7
            +---------+---------+-------+---------+---------+-------
